 Dungeon Crawl Stone Soup version 0.21.0-24-g2553a33 (webtiles) character file.

568 Amnesiac the Shield-Bearer (level 7, -1/41 HPs)
             Began as a Tengu Earth Elementalist on Jan 21, 2018.
             Slain by a scorpion (6 damage)
             ... on level 5 of the Dungeon.
             The game lasted 00:12:00 (4765 turns).

Amnesiac the Shield-Bearer (TeEE)                   Turns: 4765, Time: 00:12:01

Health: -1/41      AC:  3    Str:  8      XL:     7   Next: 33%
Magic:  1/12       EV: 16    Int: 18      God:
Gold:   252        SH:  5    Dex: 13 (14) Spells: 5/12 levels left

rFire    + . .     SeeInvis .   x - +0 hunting sling (freeze)
rCold    . . .     Gourm    .   t - +0 buckler
rNeg     . . .     Faith    .   c - +0 robe
rPois    .         Spirit   .   (helmet restricted)
rElec    .         Reflect  .   (no cloak)
rCorr    .         Harm     .   k - +0 pair of gloves
MR       .....                  (boots unavailable)
Stlth    ++........             (no amulet)
HPRegen  0.13/turn              C - ring of protection from fire
MPRegen  0.13/turn              (no ring)

@: lethally poisoned (-1 -> -4), flying quickly and evasively, quick
A: beak, talons 3, able to fly 1
a: no special abilities


You were on level 5 of the Dungeon.
You were not hungry.

You visited 1 branch of the dungeon, and saw 5 of its levels.

You collected 252 gold pieces.

Inventory:

Hand Weapons
 p - a +1 dagger of protection
 x - a +0 hunting sling of freezing (weapon)
 A - the +7 spear of False Accusations {pierce, rPois Int+4}
   (You found it on level 4 of the Dungeon)

   It inflicts extra damage upon your enemies.
   It affects your intelligence (+4).
   It protects you from poison.
Missiles
 b - 130 stones
 f - 23 poisoned needles
 l - 44 sling bullets (quivered)
Armour
 c - a +0 robe (worn)
 k - a +0 pair of gloves (worn)
 o - a +0 leather armour of cold resistance
 t - a +0 buckler (worn)
Jewellery
 C - a ring of protection from fire (left hand)
Scrolls
 g - 5 scrolls of identify {!r}
 i - 2 scrolls of noise {!r}
 j - a scroll of enchant armour {!r, unknown}
 m - a scroll of teleportation {!r}
 q - a scroll of fog {!r, unknown}
 r - a scroll of remove curse {!r, unknown}
 s - a scroll of random uselessness {!r, unknown}
 v - a scroll of blinking {!r, unknown}
 y - a scroll of amnesia {!r, unknown}
Potions
 h - 3 potions of curing {!q, unknown}
 n - a potion of haste {!q, unknown}
 u - a potion of mutation {!q, unknown}
 w - a potion of berserk rage {!q, unknown}
 B - 2 potions of brilliance {!q, unknown}
 D - 2 potions of heal wounds {!q}
Books
 e - a book of Geomancy

   Spells                             Type                      Level
   a - Sandblast                      Earth                        1
   b - Passwall                       Transmutation/Earth          2
   c - Stone Arrow                    Conjuration/Earth            3
   d - Petrify                        Transmutation/Earth          4
   e - Lee's Rapid Deconstruction     Earth                        5
Comestibles
 d - 9 rations


   Skills:
 * Level 3.5 Fighting
 * Level 4.1 Dodging
 - Level 2.0 Stealth
 - Level 4.1 Shields
 - Level 3.0 Spellcasting
 - Level 0.7 Transmutations
 + Level 3.0 Earth Magic


You had 5 spell levels left.
You knew the following spells:

 Your Spells              Type           Power        Failure   Level  Hunger
a - Sandblast             Erth           ##....       4%          1    None
b - Passwall              Tmut/Erth      #.........   12%         2    ##.....
e - Petrify               Tmut/Erth      #.......     58%         4    ####...


Dungeon Overview and Level Annotations

Branches:
Dungeon (5/15)
 Temple: D:4-7

Altars:
Fedhas
Nemelex Xobeh
Qazlal
Trog
Yredelemnul

Annotations:
D:3 2 exclusions
D:5 Eustachio


Innate Abilities, Weirdness & Mutations

You have a beak for a mouth.
You have claws for feet.
You can fly.


Message History

Press: ? - help, Shift-Dir - straight line, f/p - scorpion
Aim: a scorpion (moderately wounded)
The blast of sand hits the scorpion.
The scorpion is severely wounded.
b - 135 stones The scorpion barely misses you.
Casting: Sandblast
Confirm with . or Enter, or press ? or * to list all spells.
Aiming: Sandblast
Press: ? - help, Shift-Dir - straight line, f/p - scorpion
Aim: a scorpion (severely wounded)
The blast of sand misses the scorpion.
b - 134 stones You feel sick.
The scorpion closely misses you.
Unknown command.
Casting: Sandblast
Confirm with . or Enter, or press ? or * to list all spells.
Aiming: Sandblast
Press: ? - help, Shift-Dir - straight line, f/p - scorpion
Aim: a scorpion (severely wounded)
The blast of sand hits the scorpion.
The scorpion is severely wounded.
b - 133 stones You feel sick.
The scorpion stings you.
* * * LOW HITPOINT WARNING * * *
Casting: Sandblast
Confirm with . or Enter, or press ? or * to list all spells.
Aiming: Sandblast
Press: ? - help, Shift-Dir - straight line, f/p - scorpion
Aim: a scorpion (severely wounded)
The blast of sand hits the scorpion.
The scorpion is severely wounded.
b - 132 stones You feel sick.
The scorpion stings you.
* * * LOW HITPOINT WARNING * * *
Casting: Sandblast
Confirm with . or Enter, or press ? or * to list all spells.
Aiming: Sandblast
Press: ? - help, Shift-Dir - straight line, f/p - scorpion
Aim: a scorpion (severely wounded)
The blast of sand hits the scorpion.
The scorpion is severely wounded.
b - 131 stones You feel sick.
The scorpion closely misses you.
Casting: Sandblast
Confirm with . or Enter, or press ? or * to list all spells.
Aiming: Sandblast
Press: ? - help, Shift-Dir - straight line, f/p - scorpion
Aim: a scorpion (severely wounded)
The blast of sand hits the scorpion.
The scorpion is severely wounded.
b - 130 stones The scorpion stings you.
* * * LOW HITPOINT WARNING * * *
Unknown command.
You feel sick.
You swoop lightly up into the air.
You feel very comfortable in the air.
You feel somewhat more hungry.
You feel sick. The scorpion stings you.
* * * LOW HITPOINT WARNING * * *
You feel sick.
You feel sick.
There is a stone staircase leading up here.
The scorpion stings you.
You die...

#############
##.....#.....##
##.............##
#...............#
#...............#
#..............>#
#...............#
###....@..........#
.......s..........#
####.............##
##...........##
######.###### #.#
#.# #.# #######.#


You could see a scorpion.

Vanquished Creatures
  An ogre (D:4)
  A centaur (D:5)
  A scorpion (D:5)
  An orc priest (D:5)
  4 hounds
  2 orc wizards (D:3)
  A hound skeleton (D:5)
  A hound zombie (D:5)
  3 adders
  4 worms
  4 dart slugs
  3 leopard geckos
  5 orcs
  9 bats
  A giant cockroach (D:5)
  8 goblins
  10 hobgoblins
  8 jackals
  12 kobolds
  A ball python (D:2)
  7 frilled lizards
  A quokka skeleton (D:4)
  6 rats
94 creatures vanquished.

Notes
Turn   | Place    | Note
-------+----------+-------------------------------------------
     0 | D:1      | Amnesiac the Tengu Earth Elementalist began the quest for the Orb.
     0 | D:1      | Reached XP level 1. HP: 10/10 MP: 4/4
   129 | D:1      | Reached skill level 1 in Fighting
   129 | D:1      | Reached XP level 2. HP: 16/16 MP: 6/6
   567 | D:1      | Reached XP level 3. HP: 21/21 MP: 7/7
  1263 | D:2      | Reached XP level 4. HP: 26/26 MP: 6/8
  1946 | D:3      | Found a basalt altar of Yredelemnul.
  2245 | D:3      | Found a stormy altar of Qazlal.
  2350 | D:3      | Gained mutation: You can fly. [Tengu growth]
  2350 | D:3      | Reached XP level 5. HP: 3/31 MP: 1/10
  2732 | D:3      | Noticed a moth of wrath
  2734 | D:3      | Found a bloodstained altar of Trog.
  3254 | D:3      | Found a blossoming altar of Fedhas.
  3525 | D:4      | Reached skill level 1 in Shields
  3600 | D:4      | Learned a level 2 spell: Passwall
  3680 | D:4      | Reached XP level 6. HP: 36/36 MP: 11/11
  3691 | D:4      | Got a warped spear
  3694 | D:4      | Identified the +7 spear of False Accusations {pierce, rPois Int+4} (You found it on level 4 of the Dungeon)
  3774 | D:4      | Found a sparkling altar of Nemelex Xobeh.
  4310 | D:5      | Entered Level 5 of the Dungeon
  4420 | D:5      | Reached XP level 7. HP: 41/41 MP: 6/12
  4438 | D:5      | Learned a level 4 spell: Petrify
  4477 | D:5      | Noticed Eustachio
  4765 | D:5      | Slain by a scorpion

Skill      XL: |  1  2  3  4  5  6  7 |
---------------+----------------------+-----
Fighting       | 1 2 3 |  3.5
Dodging        | 3 4 |  4.1
Shields        | 2 4 |  4.1
Spellcasting   | 3 |  3.0
Earth Magic    | 3 |  3.0
Stealth        | |  2.0
Transmutations | |  0.7

Action                   |  1- 3 |  4- 6 |  7- 9 || total
-------------------------+-------+-------+-------++-------
Melee: Unarmed           |       |    10 |       ||    10
       Dagger            |       |     1 |       ||     1
       Spear             |       |    33 |     1 ||    34
       Kick              |       |     3 |       ||     3
       Peck              |       |     2 |       ||     2
 Fire: Hunting sling     |   103 |   151 |    35 ||   289
 Cast: Sandblast         |     7 |    36 |    18 ||    61
 Abil: Fly               |       |     6 |     1 ||     7
  Use: Potion            |       |     4 |       ||     4
       Scroll            |       |       |     2 ||     2
 Stab: Sleeping          |       |     3 |       ||     3
  Eat: Chunk             |     1 |    11 |     1 ||    13
Armor: Robe              |     8 |    16 |     3 ||    27
       Skin              |       |    13 |       ||    13
Dodge: Dodged            |    28 |    96 |    19 ||   143
Block: Buckler           |       |    14 |     6 ||    20
